 Dungeon Crawl Stone Soup version 0.18-a0-952-g309898a (webtiles) character file.

129369 M4edhros the Peltast (level 17, -8/88 HPs)
             Began as an Octopode Artificer on Dec 30, 2015.
             Was a Priest of Fedhas.
             Mangled by an Executioner (16 damage)
             ... on level 2 of the Abyss.
             The game lasted 02:46:59 (40158 turns).

M4edhros the Peltast (Octopode Artificer)          Turns: 40158, Time: 02:47:00

Health: -8/88      AC:  4    Str: 14      XL:     17   Next: 5%
Magic:  28/30      EV: 21    Int: 21 (22) God:    Fedhas [***...]
Gold:   2396       SH: 24    Dex: 13      Spells: 4 memorised, 20 levels left

rFire  + + +     SeeInvis +     E - +2 rapier (venom)
rCold  . . .     Gourm    .     b - +6 large shield {rF+}
rNeg   + . .     Faith    .     r - +2 hat {Int+3}
rPois  +         Spirit   .     O - amulet of regeneration
rElec  .         Dismiss  .     v - ring of positive energy
rCorr  .         Reflect  .     P - +4 ring of intelligence
SustAt +         Harm     .     Q - ring of stealth
MR     +....                    S - ring of sustain attributes
Stlth  ++++++++..               q - ring "Okimar" {+Inv rF++ SInv}
                                C - ring of protection from fire
                                m - ring "Kididwot" {Slay+2 Stlth+}
                                I - +3 ring of evasion

@: about to teleport, hasted, studying Dodging, repel missiles, very quick,
somewhat resistant to hostile enchantments, extraordinarily stealthy
A: almost no armour, amphibious, 8 rings, constrict 8, fangs 1, icy blue scales
1, camouflage 1, blink, deterioration 1, dopey 2, frail 1, poison resistance,
strong 1, gelatinous body 1, MP-powered wands
a: Blink, Evolution, Sunlight, Growth, Renounce Religion, Evoke Invisibility


You were on level 2 of the Abyss.
You worshipped Fedhas.
Fedhas was most pleased with you.
You were hungry.

You visited 6 branches of the dungeon, and saw 30 of its levels.
You visited the Abyss 2 times.
You also visited: Labyrinth and Ice Cave.

You collected 3150 gold pieces.
You spent 754 gold pieces at shops.

Inventory:

Hand Weapons
 a - a +3 hunting sling of flaming
 t - a +3 hunting sling of freezing
 E - a +2 rapier of venom (weapon)
 L - a +0 blowgun
Missiles
 i - 6 curare-tipped needles
 k - 152 stones
 u - 55 sling bullets
 M - 43 poisoned needles
Armour
 b - a +6 large shield of fire resistance (worn)
 r - a +2 hat of intelligence (worn)
Magical Staves
 V - an uncursed staff of wizardry
Rods
 e - a +9 rod of shadows (7/15)
   (You took it off a deep elf demonologist on level 3 of the Elven Halls)
Jewellery
 m - the ring "Kididwot" (on tentacle) {Slay+2 Stlth+}
   (You bought it in a shop on level 2 of the Orcish Mines)

   [ring of stealth]

   It affects your accuracy and damage with ranged weapons and melee attacks
   (+2).
   It makes you more stealthy.
 q - the ring "Okimar" (on tentacle) {+Inv rF++ SInv}
   (You took it off a deep elf demonologist on level 3 of the Elven Halls)

   [ring of see invisible]

   It greatly protects you from fire.
   It lets you see invisible.
   It lets you turn invisible.
 v - a ring of positive energy (left tentacle)
 x - an uncursed ring of positive energy
 C - a ring of protection from fire (on tentacle)
 I - a +3 ring of evasion (on tentacle)
 O - an amulet of regeneration (around mantle)
 P - a +4 ring of intelligence (right tentacle)
 Q - a ring of stealth (on tentacle)
 S - a ring of sustain attributes (on tentacle)
 T - a +2 amulet of reflection
 Z - an uncursed amulet of guardian spirit
Wands
 c - a wand of enslavement (4/24)
 d - a wand of confusion (9/48)
 l - a wand of disintegration (6/24)
 y - a wand of fireball (5/15)
 R - a wand of cold (2/15)
Scrolls
 f - 3 scrolls of identify
 g - 2 scrolls of recharging
 h - 2 scrolls of blinking
 p - 4 scrolls of fear
 K - 3 scrolls of teleportation
 Y - 4 scrolls of fog
Potions
 w - a potion of lignification
 z - 4 potions of haste
 A - 4 potions of curing
 D - 6 potions of resistance
 F - 3 potions of might
 X - a potion of heal wounds
Books
 s - a manual of Dodging
Miscellaneous
 n - a stone of tremors
 B - a lantern of shadows
 H - a phantom mirror
 J - a sack of spiders {used: 1}
 W - a phial of floods (inert)
Comestibles
 j - 5 fruits
 o - 7 slices of pizza (quivered)
 N - a bread ration
 U - 5 royal jellies


   Skills:
 + Level 3.3 Fighting
 - Level 1.0 Short Blades
 - Level 10.0 Slings
 + Level 13.8 Dodging
 - Level 10.1 Stealth
 - Level 15.0 Shields
 + Level 9.0 Spellcasting
 + Level 3.3 Conjurations
 - Level 6.2 Charms
 + Level 6.6 Air Magic
 + Level 3.6 Poison Magic
 - Level 11.2 Invocations
 + Level 10.4 Evocations


You had 20 spell levels left.
You knew the following spells:

 Your Spells              Type           Power        Failure   Level  Hunger
a - Statue Form           Trmt/Erth      #........    100%        6    ######.
b - Mephitic Cloud        Conj/Pois/Air  ####....     14%         3    None
c - Repel Missiles        Chrm/Air       #####.       2%          2    None
d - Summon Guardian Gole  Hex/Summ       #.......     83%         3    None


Dungeon Overview and Level Annotations

Branches:
Dungeon (15/15)            Temple (1/1) D:6            Lair (8/8) D:11
  Swamp (0/4) Lair:3       Spider (0/4) Lair:4        Slime (0/6) Lair:7
    Orc (2/2) D:11            Elf (3/3) Orc:2        Vaults (0/5) D:14
 Depths (1/5) D:15

Altars:
Ashenzari
Cheibriados
Dithmenos
Elyvilon
Fedhas
Gozag
Kikubaaqudgha
Makhleb
Nemelex Xobeh
Okawaru
Pakellas
Qazlal
Ru
Sif Muna
Trog
Vehumet
Xom
Yredelemnul
Zin
The Shining One
Beogh
Jiyva

Shops:
D:12 [   Orc:2 =*[?

Portals:
Hell: Lair:8

Annotations:
D:5 exclusion: ice beast
D:13 exclusion: sphinx
D:14 exclusion: Roxanne, Roxanne
Elf:2 Voda's ghost, adept TrMo
Elf:3 exclusion: hyperactive ballistomycete


Innate Abilities, Weirdness & Mutations

You cannot wear most types of armour.
You are amphibious.
You can wear up to eight rings at the same time.
You can use your tentacles to constrict eight enemies at once.
Your skin changes colour to match your surroundings (Stealth).
Your rubbery body absorbs attacks (AC +1).
You have very sharp teeth.
You are partially covered in icy blue scales (AC +1).
You can translocate small distances at will.
Your body sometimes deteriorates upon taking damage.
You are very dopey. (Int -4)
You are frail (-10% HP).
Your system is resistant to poisons.
Your muscles are strong. (Str +2)
You expend magic power (3 MP) to strengthen your wands.


Message History

You feel the power of the Abyss delaying your translocation!
The large abomination misses you.
Your raiju barely misses the raiju.
The raiju bites your raiju. The raiju shocks your raiju.
Your raiju completely resists.
The Executioner gestures.
The Executioner seems to speed up.
Your raiju bites the raiju.
Your raiju shocks the raiju.
The raiju completely resists.
The raiju bites your raiju! The raiju shocks your raiju.
Your raiju completely resists.
Your raiju bites the raiju!
Your raiju shocks the raiju.
The raiju completely resists.
You block the raiju's attack.
Drink which item? (? for menu, Esc to quit)
You feel yourself speed up. You block the Executioner's attack.
The Executioner hits you! The Executioner hits you. The Executioner hits you!!
* * * LOW HITPOINT WARNING * * *
You block the Executioner's attack. x2
The Executioner hits you!
You die...
Xom giggles madly!
Fedhas appreciates your contribution to the ecosystem.

##...#.# #[ ###
#.....###.....#
#....#........## #
.#..†#......#...# #
# ...............##
#....#.............
..h
..##........#....
.... ....#
.#h........ # ..
... . # #h@.......
..
.......###X1..#....
###... ...
#..........# ...#
#.###..##...# #.#.
##....# #. .. #.. #
## ### ... . ..


You could see an Executioner, a large abomination, a raiju and a friendly raiju.

Vanquished Creatures
  An Ice Fiend (IceCv)
  Gastronok (Lair:2)
  A deep elf sorcerer (Elf:3)
  A deep elf annihilator (Elf:3)
  Nessos (Lair:7)
  Azrael (D:15)
  3 deep elf demonologists (Elf:3)
  A minotaur (Lab)
  9 hydras
  A catoblepas (Lair:3)
  4 centaur warriors
  A dancing weapon (Elf:3)
  6 death yaks
  A death knight (D:14)
  4 orc high priests (Orc:2)
  2 deep elf knights (Elf:2)
  A fire crab (Lair:8)
  A skeletal warrior (D:14)
  2 wizards
  An unseen horror (D:13)
  15 deep elf magi
  4 hill giants
  3 griffons
  A cyclops (D:14)
  8 orc knights
  4 ugly things
  A worldbinder (Abyss:2)
  2 orc sorcerers
  A sixfirhy (Lair:8)
  7 elephants
  3 ice statues (IceCv)
  2 manticores
  5 wandering mushrooms
  7 black mambas
  A smoke demon (Abyss:2)
  4 gargoyles
  A torpor snail (Lair:4)
  An efreet (D:13)
  2 anaconda simulacra (IceCv)
  3 spiny frogs
  A komodo dragon (Lair:8)
  8 ice devils
  A two-headed ogre (Orc:1)
  3 trolls
  A wolf spider simulacrum (D:14)
  A raiju (Abyss:2)
  3 freezing wraiths
  A harpy skeleton (D:15)
  6 slime creatures
  An air elemental (Elf:2)
  27 blink frogs
  3 spriggans (Lair:1)
  A water elemental (Elf:3)
  2 wraiths (D:14)
  31 yaks
  4 trapdoor spiders
  A wyvern (D:12)
  2 steam dragons
  2 basilisks
  2 shadows
  A dire elephant simulacrum (IceCv)
  9 hippogriffs
  A hog (shapeshifter) (Elf:3)
  3 harpy simulacra (IceCv)
  A human (shapeshifter) (D:14)
  9 vampire mosquitoes
  10 hungry ghosts (Lab)
  A warg (D:14)
  2 fire elementals (D:15)
  An iron troll simulacrum (IceCv)
  3 mottled dragons
  2 hell hounds (D:15)
  A hydra simulacrum (IceCv)
  11 porcupines
  9 water moccasins
  7 wolves
  3 black bears
  27 orc warriors
  An eye of draining (shapeshifter) (D:14)
  7 ice beasts (Elf:1)
  An eye of draining (D:15)
  4 sky beasts
  A phantom (D:13)
  11 centaurs
  A big kobold (D:10)
  12 ogres
  18 crocodiles
  20 giant frogs
  2 earth elementals
  A wyvern skeleton (D:14)
  A scorpion (D:8)
  5 electric eels
  22 killer bees
  6 wights
  4 lava snakes (Lab)
  4 crimson imps
  A giant frog skeleton (D:12)
  A giant frog zombie (D:5)
  5 jellies
  5 hounds
  10 orc wizards
  5 centaur skeletons
  33 orc priests
  Crazy Yiuf (D:2)
  4 worker ants
  3 hell rats (D:6)
  A quasit (Abyss:2)
  A gnoll shaman (D:4)
  9 iguanas
  7 sheep
  A hound zombie (D:5)
  A worker ant zombie (D:6)
  16 adders
  2 shadow imps
  A white imp (Abyss:2)
  6 gnolls (D:4)
  43 river rats
  An adder zombie (D:5)
  3 worms
  4 giant geckos
  95 orcs
  11 bats
  4 giant cockroaches
  13 hobgoblins
  5 jackals (D:3)
  11 kobolds
  3 quokkas
  A ball python (D:2)
  A giant gecko skeleton (D:6)
  A giant gecko zombie (D:5)
  5 giant newts
  6 goblins
  A jackal skeleton (D:4)
  29 rats
  12 ballistomycetes
  2 giant spores (Orc:2)
  A hyperactive ballistomycete (Orc:2)
806 creatures vanquished.

Vanquished Creatures (collateral kills)
  2 deep elf master archers (Elf:3)
  A deep elf blademaster (Elf:3)
  2 deep elf demonologists (Elf:3)
  2 deep elf annihilators (Elf:3)
  An ettin (D:15)
  4 deep elf death magi (Elf:3)
  Erolcha (D:9)
  A crystal guardian (Abyss:2)
  A deep elf high priest (Elf:3)
  2 hydras
  The ghost of Chiseanne the Unseen, a journeyman SpAs of Gozag (D:12)
  4 death yaks
  An ogre mage (D:15)
  2 thrashing horrors (Abyss:2)
  A dancing weapon (Elf:1)
  An orc high priest (Orc:2)
  A shadow wraith (Abyss:2)
  A wizard (D:15)
  2 orc knights
  6 ugly things
  2 griffons (Lair:8)
  2 deep elf magi (Elf:3)
  A cyclops (D:12)
  7 large abominations (Abyss:2)
  3 black mambas
  5 elephants
  5 spiny frogs
  A smoke demon (Lair:8)
  2 apocalypse crabs (Abyss:2)
  A gargoyle (D:12)
  4 orange demons
  A centaur skeleton (D:13)
  A hellwing (Lair:8)
  9 ice devils
  4 komodo dragons
  A red devil (Lair:8)
  4 trolls
  A queen bee (Lair:8)
  An ancient zyme (Abyss:2)
  7 blink frogs
  A boulder beetle (Lair:8)
  5 slime creatures
  5 raiju (Abyss:2)
  A wraith (D:12)
  16 yaks
  2 air elementals (Elf:1)
  A water elemental (Elf:1)
  2 trapdoor spiders
  A vampire (D:12)
  A ynoxinul (Abyss:2)
  2 basilisks
  A neqoxec (Abyss:2)
  A wyvern (D:8)
  A hippogriff (D:13)
  A mottled dragon (D:13)
  3 wolves (Lair:8)
  A steam dragon (D:13)
  A fire elemental (D:15)
  A vampire mosquito (Lair:3)
  2 hungry ghosts
  An iron troll simulacrum (IceCv)
  A hydra simulacrum (IceCv)
  A warg (Orc:1)
  15 orc warriors
  A water moccasin (Lair:7)
  2 porcupines
  An ice beast (Elf:1)
  An ogre (D:7)
  5 crocodiles
  A big kobold (D:13)
  2 giant frogs (Lair:6)
  An earth elemental (Elf:3)
  7 killer bees
  3 small abominations (Abyss:2)
  A wight (D:11)
  2 quasits
  A centaur zombie (D:10)
  7 orc wizards
  A crimson imp (D:10)
  A jelly (D:10)
  5 orc priests
  An iron imp (Abyss:2)
  4 sheep
  4 worker ants
  An adder (D:12)
  5 river rats (Lair:8)
  A giant gecko (D:11)
  9 orcs
  4 kobolds (D:13)
  12 giant spores
  3 hyperactive ballistomycetes (Orc:2)
  A lurking horror (Abyss:2)
  A plant (Lair:7)
254 creatures vanquished.

Vanquished Creatures (others)
  2 oklob plants (Elf:3)
  A centaur warrior (D:15)
  49 wandering mushrooms
  An unseen horror (D:15)
  A deep elf archer (D:15)
  A hill giant (D:11)
  A deep elf mage (Elf:3)
  A manticore (D:15)
  2 cyclopes
  A centaur skeleton (D:15)
  A yaktaur (D:15)
  A warg (D:11)
  A yak (D:9)
  A neqoxec (Abyss:2)
  A necrophage (D:10)
  8 centaurs
  A worker ant zombie (D:10)
  An orc (Orc:2)
  19 ballistomycetes
  10 fungi
  5 giant spores
  4 hyperactive ballistomycetes
  15 plants
  4 starspawn tentacles (Abyss:2)
  6 starspawn tentacle segments (Abyss:2)
  718 toadstools
856 creatures vanquished.

Grand Total: 1916 creatures vanquished

Notes
Turn   | Place    | Note
--------------------------------------------------------------
     0 | D:1      | M4edhros the Octopode Artificer began the quest for the Orb.
     0 | D:1      | Reached XP level 1. HP: 13/13 MP: 3/3
   102 | D:1      | Reached XP level 2. HP: 18/18 MP: 4/4
   450 | D:3      | Reached XP level 3. HP: 23/23 MP: 5/5
   457 | D:3      | Reached XP level 4. HP: 28/28 MP: 6/6
   497 | D:3      | Found an oddly glowing altar of Pakellas.
   560 | D:3      | Reached skill level 4 in Stealth
   609 | D:4      | Reached XP level 5. HP: 11/33 MP: 6/8
   820 | D:4      | Reached XP level 6. HP: 33/38 MP: 9/9
   828 | D:4      | Found a glowing silver altar of Zin.
  1155 | D:4      | Reached skill level 1 in Slings
  1155 | D:4      | Reached skill level 5 in Stealth
  1415 | D:5      | Entered Level 5 of the Dungeon
  1472 | D:5      | Found a bloodstained altar of Trog.
  1705 | D:5      | Reached XP level 7. HP: 43/43 MP: 10/10
  1830 | D:5      | Reached skill level 5 in Dodging
  1887 | D:5      | Reached skill level 5 in Evocations
  2034 | D:5      | Reached skill level 6 in Stealth
  2147 | D:5      | Found an iron altar of Okawaru.
  2541 | D:6      | Found a staircase to the Ecumenical Temple.
  2556 | Temple   | Entered the Ecumenical Temple
  2737 | D:6      | Reached XP level 8. HP: 42/48 MP: 10/12
  2801 | D:6      | Found a sacrificial altar of Ru.
  3747 | D:2      | Found an opulent altar of Gozag.
  3838 | D:2      | Noticed Crazy Yiuf
  3842 | D:2      | Killed Crazy Yiuf
  4266 | D:3      | Found a sparkling altar of Nemelex Xobeh.
  4759 | D:3      | Got a smoking chain mail
  4761 | D:3      | Identified the +1 chain mail "Qimouwn" {+Fly} (You found it on level 3 of the Dungeon)
  5105 | D:6      | Found a blossoming altar of Fedhas.
  5115 | D:6      | Noticed an oklob plant
  5118 | D:6      | Became a worshipper of Fedhas Madash
  5222 | D:6      | Found a shimmering altar of Xom.
  5305 | D:6      | Fell from the grace of Fedhas
  5305 | D:6      | Became a worshipper of Xom of Chaos
  5321 | D:6      | XOM: silly message
  5333 | D:6      | Fell from the grace of Xom
  5333 | D:6      | Became a worshipper of Fedhas Madash
  5535 | D:6      | Reached skill level 7 in Stealth
  5617 | D:6      | Reached * piety under Fedhas
  5803 | D:6      | XOM: mild Erth miscast
  5873 | D:7      | XOM: mild Fire miscast
  6119 | D:7      | Reached skill level 5 in Slings
  6126 | D:7      | XOM: polymorph orc -> worker ant
  6318 | D:7      | Reached skill level 1 in Invocations
  6429 | D:7      | Found a burning altar of Makhleb.
  6489 | D:7      | Reached ** piety under Fedhas
  6524 | D:7      | XOM: mild Ice miscast
  6597 | D:7      | XOM: polymorph wandering mushroom -> wandering mushroom
  6996 | D:8      | Reached XP level 9. HP: 44/53 MP: 13/13
  7097 | D:8      | XOM: polymorph wandering mushroom -> wandering mushroom
  7430 | D:9      | Reached skill level 8 in Stealth
  7499 | D:9      | Found a stormy altar of Qazlal.
  7538 | D:9      | Found a snail-covered altar of Cheibriados.
  7593 | D:9      | You fall through a shaft for 3 floors!
  7602 | D:12     | Noticed Chiseanne's ghost (journeyman SpAs)
  7726 | D:11     | Found a labyrinth entrance.
  7742 | Lab      | Entered a labyrinth
  7805 | Lab      | XOM: mild Conj miscast
  7922 | Lab      | Noticed a minotaur
  7933 | Lab      | Killed a minotaur
  7933 | Lab      | Reached skill level 5 in Invocations
  7933 | Lab      | Reached XP level 10. HP: 58/58 MP: 13/15
  7982 | Lab      | XOM: blink monster(s)
  8007 | Lab      | Reached skill level 1 in Shields
  8074 | Lab      | XOM: confusion
  8281 | Lab      | XOM: mild Erth miscast
  8427 | Lab      | Reached skill level 9 in Stealth
  8606 | Lab      | XOM: 1-stop teleportation journey
  9270 | Lab      | Gained mutation: Scrolls take you a little longer to read. [potion of mutation]
  9270 | Lab      | Gained mutation: You expend magic power (3 MP) to strengthen your wands. [potion of mutation]
  9270 | Lab      | Gained mutation: You are frail (-10% HP). [potion of mutation]
  9508 | D:11     | Found a sacrificial altar of Ru.
  9550 | D:11     | XOM: medium Trmt miscast
  9620 | D:11     | Noticed a hill giant
  9638 | D:11     | Found a staircase to the Orcish Mines.
  9647 | D:11     | Noticed an orc knight
  9681 | D:11     | Killed an orc warrior
  9719 | D:11     | XOM: severe Air miscast
 10028 | D:11     | Killed an orc knight
 10143 | D:11     | Lost mutation: Scrolls take you a little longer to read. [potion of cure mutation]
 10143 | D:11     | Lost mutation: You are frail (-10% HP). [potion of cure mutation]
 10143 | D:11     | Lost mutation: You expend magic power (3 MP) to strengthen your wands. [potion of cure mutation]
 10166 | D:11     | Reached XP level 11. HP: 36/63 MP: 16/16
 10168 | D:11     | Reached skill level 10 in Stealth
 10191 | D:11     | XOM: chaos upgrade
 10210 | D:11     | XOM: mild Fire miscast
 10436 | D:11     | XOM: noise
 10441 | D:11     | Noticed a hill giant
 10463 | D:10     | Entered Level 10 of the Dungeon
 10463 | D:10     | Found a viscous altar of Jiyva.
 10521 | D:11     | XOM: chaos upgrade
 10558 | D:11     | Killed a hill giant
 10558 | D:11     | Reached skill level 5 in Shields
 10955 | D:11     | Found a staircase to the Lair.
 11563 | D:10     | Reached *** piety under Fedhas
 11722 | D:10     | XOM: medium Tloc miscast
 12370 | D:9      | Found a white marble altar of Elyvilon.
 12456 | D:9      | Noticed Erolcha
 12460 | D:9      | XOM: noise
 12462 | D:9      | Killed Erolcha
 12632 | D:9      | Found a deep blue altar of Sif Muna.
 12917 | D:12     | Killed Chiseanne's ghost
 12993 | D:12     | Found a basalt altar of Yredelemnul.
 13095 | D:12     | Noticed a hill giant
 13104 | D:12     | Killed a hill giant
 13317 | D:12     | Noticed a five-headed hydra
 13343 | D:12     | Killed a five-headed hydra
 13343 | D:12     | Reached XP level 12. HP: 19/68 MP: 18/18
 13429 | D:12     | Found Feobbublaxt's Antique Armour Shop.
 14353 | D:13     | XOM: silly message
 14367 | D:13     | Reached **** piety under Fedhas
 14549 | D:13     | Gained mutation: Your flesh is heat resistant. [mutagenic meat]
 14550 | D:13     | Gained mutation: Your magical capacity is low (-10% MP). [mutagenic meat]
 14551 | D:13     | Gained mutation: You are partially covered in icy blue scales (AC +1). [mutagenic meat]
 14553 | D:13     | Gained mutation: You are dopey. (Int -2) [mutagenic meat]
 14707 | D:13     | Got a distressingly furry robe
 14718 | D:13     | Noticed a sphinx
 14865 | Orc:1    | Entered Level 1 of the Orcish Mines
 15213 | Orc:1    | Reached skill level 10 in Evocations
 15281 | Orc:1    | XOM: medium Erth miscast
 15321 | Orc:1    | XOM: noise
 15402 | Orc:1    | XOM: noise
 15675 | Orc:2    | Entered Level 2 of the Orcish Mines
 16066 | Orc:2    | XOM: noise
 16066 | Orc:2    | Was forgiven by Xom
 16103 | Orc:2    | Found a staircase to the Elven Halls.
 16157 | Orc:2    | Found a roughly hewn altar of Beogh.
 16329 | Orc:2    | Noticed an orc high priest
 16342 | Orc:2    | Killed an orc high priest
 16365 | Orc:2    | Reached XP level 13. HP: 51/72 MP: 18/18
 16902 | Orc:2    | Reached skill level 10 in Dodging
 16911 | Orc:2    | Reached skill level 10 in Shields
 17135 | Orc:2    | Reached skill level 10 in Slings
 17153 | Orc:2    | Reached skill level 10 in Invocations
 17478 | Orc:2    | Found Osej's Magic Scroll Boutique.
 17481 | Orc:2    | Found Eppav's General Store.
 17482 | Orc:2    | Found Unedghiack's Jewellery Boutique.
 17483 | Orc:2    | Found Eduicug's Antique Armour Shop.
 17486 | Orc:2    | Bought the ring "Kididwot" {Slay+2 Stlth+} for 460 gold pieces
 17703 | Orc:2    | Bought a +3 ring of evasion for 294 gold pieces
 17839 | Lair:1   | Entered Level 1 of the Lair of Beasts
 18526 | Lair:1   | Reached skill level 11 in Shields
 18679 | Lair:1   | Learned a level 6 spell: Statue Form
 18723 | Lair:1   | Learned a level 3 spell: Mephitic Cloud
 18726 | Lair:1   | Learned a level 2 spell: Repel Missiles
 19391 | Lair:2   | Noticed Gastronok
 19448 | Lair:2   | Killed Gastronok
 20321 | Lair:3   | Reached XP level 14. HP: 38/79 MP: 19/19
 20865 | Lair:3   | Found a staircase to the Swamp.
 21365 | Lair:4   | Found a hole to the Spider Nest.
 21452 | Lair:4   | Reached skill level 12 in Shields
 23373 | Lair:6   | Reached skill level 13 in Shields
 24917 | Lair:7   | Reached skill level 14 in Shields
 24992 | Lair:7   | Found a staircase to the Slime Pits.
 25315 | Lair:7   | Reached skill level 1 in Spellcasting
 25484 | Lair:7   | Noticed Nessos
 25492 | Lair:7   | Killed Nessos
 25719 | Lair:8   | Entered Level 8 of the Lair of Beasts
 26039 | Lair:8   | Reached XP level 15. HP: 72/83 MP: 19/21
 26746 | Lair:8   | Reached skill level 15 in Shields
 27280 | Lair:8   | Reached skill level 5 in Spellcasting
 27840 | Lair:8   | Found a burning altar of Makhleb.
 27913 | Lair:8   | Found a gateway to Hell.
 28750 | D:13     | Reached skill level 1 in Air Magic
 28887 | D:13     | Reached skill level 1 in Charms
 29334 | D:14     | Reached ***** piety under Fedhas
 29870 | D:14     | Gained mutation: Your system is resistant to poisons. [mutagenic meat]
 29871 | D:14     | Gained mutation: Your spells are a little easier to cast, but a little less powerful. [mutagenic meat]
 29872 | D:14     | Gained mutation: You have very sharp teeth. [mutagenic meat]
 29975 | D:14     | HP: 2/83 [freezing wraith[a death knight] (17)]
 30319 | D:15     | Entered Level 15 of the Dungeon
 30498 | D:14     | Noticed Roxanne
 30755 | D:14     | Found a gate to the Vaults.
 31096 | D:15     | Gained mutation: You can translocate small distances at will. [mutagenic meat]
 31098 | D:15     | Gained mutation: You occasionally shout uncontrollably at your foes. [mutagenic meat]
 31358 | D:15     | Noticed Azrael
 32009 | D:15     | Reached XP level 16. HP: 72/89 MP: 24/24
 32026 | D:15     | Found a staircase to the Depths.
 32639 | D:15     | Killed Azrael
 33032 | D:15     | Gained mutation: You passively map a small area around you. [mutagenic meat]
 33033 | D:15     | Gained mutation: Your flesh is very heat resistant. [mutagenic meat]
 33129 | D:15     | Lost mutation: You passively map a small area around you. [mutagenic meat]
 33130 | D:15     | Lost mutation: Your spells are a little easier to cast, but a little less powerful. [mutagenic meat]
 33131 | D:15     | Lost mutation: Your magical capacity is low (-10% MP). [mutagenic meat]
 33132 | D:15     | Gained mutation: Your body sometimes deteriorates upon taking damage. [mutagenic meat]
 33134 | D:15     | Lost mutation: You occasionally shout uncontrollably at your foes. [mutagenic meat]
 33136 | D:15     | Lost mutation: Your flesh is very heat resistant. [mutagenic meat]
 33384 | Depths:1 | Entered Level 1 of the Depths
 33985 | D:11     | Reached skill level 5 in Charms
 34088 | Elf:1    | Entered Level 1 of the Elven Halls
 34132 | Elf:1    | Found a radiant altar of Vehumet.
 34260 | Elf:1    | Found a frozen archway.
 34398 | IceCv    | Entered an ice cave
 34459 | IceCv    | Identified a scroll of acquirement
 35396 | IceCv    | Reached skill level 5 in Air Magic
 35839 | IceCv    | Noticed an Ice Fiend
 35918 | IceCv    | Killed an Ice Fiend
 36222 | IceCv    | Got a pitted buckler
 36233 | IceCv    | Identified the +3 buckler of the Forgotten Wars {rElec Int+4} (You found it in an ice cave)
 36588 | Elf:2    | Noticed Voda's ghost (adept TrMo)
 36647 | Elf:3    | Entered Level 3 of the Elven Halls
 37197 | Elf:3    | Lost mutation: Your flesh is heat resistant. [potion of mutation]
 37197 | Elf:3    | Gained mutation: You are frail (-10% HP). [potion of mutation]
 37264 | Elf:3    | Found a deep blue altar of Sif Muna.
 37827 | Elf:3    | Reached skill level 1 in Poison Magic
 37947 | Elf:3    | Noticed a deep elf blademaster
 38057 | Elf:3    | Reached skill level 1 in Conjurations
 38098 | Elf:3    | Noticed a Hell Sentinel
 38117 | Elf:3    | Noticed a Brimstone Fiend
 38310 | Elf:3    | Identified a cursed +6 rod of shadows (6/13) (You took it off a deep elf demonologist on level 3 of the Elven Halls)
 38322 | Elf:3    | Got a faintly glowing glass ring
 38323 | Elf:3    | Identified the ring "Okimar" {+Inv rF++ SInv} (You took it off a deep elf demonologist on level 3 of the Elven Halls)
 38348 | Elf:3    | Got a crystal scimitar {slice}
 38371 | Elf:3    | Killed a deep elf blademaster
 38459 | Elf:3    | Noticed a deep elf master archer
 38463 | Elf:3    | Killed a deep elf master archer
 38489 | Elf:3    | Noticed a Hell Sentinel
 38489 | Elf:3    | Noticed a deep elf master archer
 38520 | Elf:3    | Killed a deep elf master archer
 38541 | Elf:3    | Cast into level 2 of the Abyss (a deep elf demonologist)
 38671 | Abyss:2  | Found a corrupted altar of Lugonu.
 38709 | Abyss:2  | Found a corrupted altar of Lugonu.
 38996 | Abyss:2  | Found a corrupted altar of Lugonu.
 39238 | Abyss:2  | Learned a level 3 spell: Summon Guardian Golem
 39321 | Abyss:2  | Gained mutation: You are very dopey. (Int -4) [mutagenic meat]
 39322 | Abyss:2  | Gained mutation: You expend magic power (3 MP) to strengthen your wands. [mutagenic meat]
 39353 | Abyss:2  | Noticed a tentacled starspawn
 39493 | Abyss:2  | Gained mutation: Your muscles are strong. (Str +2) [potion of beneficial mutation]
 39536 | Abyss:2  | Noticed a tentacled starspawn
 39645 | Abyss:2  | Found a corrupted altar of Lugonu.
 39669 | Elf:3    | Escaped the Abyss
 39674 | Elf:3    | Gained mutation: Your body often deteriorates upon taking damage. [a cacodemon]
 39681 | Elf:3    | Reached XP level 17. HP: 88/88 MP: 27/30
 39703 | Elf:3    | Cast into level 2 of the Abyss (a deep elf demonologist)
 39703 | Abyss:2  | Found a corrupted altar of Lugonu.
 39716 | Abyss:2  | Identified the +1 scimitar "Osededu" {slice, Int+4} (You took it off a deep elf demonologist on level 3 of the Elven Halls)
 39913 | Abyss:2  | Lost mutation: Your body often deteriorates upon taking damage. [mutagenic meat]
 40158 | Abyss:2  | Mangled by an Executioner

Vault maps used:
D:1:      lemuel_arrival_room, feat_on_display
D:2:      overflow_temple_1_default, first_bread, uniq_crazy_yiuf_cottage
D:3:      lemuel_doored_altar, minivault_5, johnstein_pakellas_death_squad
D:4:      old_standard_altar, minmay_misc_feat_ornament
D:5:      lemuel_coloured_pillars_altar, overflow_temple_1_default,
          hangedman_decor_slide_cut
D:6:      lemuel_ratsnest, kennysheep_mini, nicolae_ru_great_annihilating_truth,
          tgw_fedhas, minmay_temple_entry_junction
D:7:      lightli_temple_of_fire, grunt_ogre_cave, minmay_misc_feat_alley
D:8:      grunt_decor_one_mirror
D:9:      grunt_qazlal_clouds, lemuel_round_altar, elyvilon_altar_3,
          kennysheep_mini_moat, bh_chokoban, uniq_erolcha
D:10:     jiyva_altar_1
D:11:     erik_lair_orcish_takeover, orc_david_3, basic_altar, lab_entry_generic
D:12:     serial_shops, nicolae_shop_competitors_out_of_business, basic_altar
D:13:     minmay_three_doors
D:14:     erik_vaults_1, infiniplex_staircase_river, uniq_roxanne
D:15:     hangedman_depths_entry_civil_slaughter,
          roderic_lattice_octagonal_star, uniq_azrael
Temple:   hc_temple_tempest_star_small
Lair:1:   small_statue_intersection, wad_woods_02
Lair:2:   bobbens_dragon_lair_wall, uniq_gastronok
Lair:3:   minmay_swamp_entry_swarm
Lair:4:   spider_nest_entry_webs
Lair:5:   infiniplex_staircase_pool
Lair:6:   minivault_25, nicolae_quartered_pool_medium, serial_bayou_ford_a
Lair:7:   dpeg_slime_entry_corner, uniq_nessos
Lair:8:   evil_forest, special_room
Orc:2:    st_orc_pillars, minmay_orc_temple_a
Elf:1:    eino_elf_arrival_altar, portal_ice_cave_entry_ice_beasts,
          uniq_frances, uniq_agnes
Elf:3:    minmay_elf_hall_quartered_circle, basic_altar, billiards_dpeg
Depths:1: minmay_misc_feat_secret_circle, hell_entry, serial_curves,
          eino_curves_04, eino_curves_01, eino_curves_01, eino_curves_03,
          minmay_misc_feat_chi, hangedman_abyss_or_decor_clamps,
          nrook_mini_vaults, kennysheep_potato
Abyss:2:  minivault_24, minivault_26
Lab:      nicolae_lab_blocks, nicolae_lab_flowing_pool, nicolae_lab_swirl,
          labyrinth_lava_lair, nicolae_lab_grate
IceCv:    ice_cave_tombish

Action                   |  1- 3 |  4- 6 |  7- 9 | 10-12 | 13-15 | 16-18 || total
-------------------------+-------+-------+-------+-------+-------+-------++-------
Melee: Short sword       |    33 |    40 |    70 |    80 |     7 |       ||   230
       Mace              |       |       |    52 |    14 |    17 |       ||    83
       Unarmed           |       |       |       |     4 |       |       ||     4
       Rapier            |       |       |       |       |    86 |   168 ||   254
       Hunting sling     |       |       |       |       |     1 |       ||     1
       Rod               |       |       |       |       |       |    25 ||    25
 Fire: Hunting sling     |       |    41 |   262 |  1118 |  2485 |   534 ||  4440
       Blowgun           |       |       |       |       |    37 |     5 ||    42
 Cast: Repel Missiles    |       |       |       |       |     1 |     4 ||     5
       Mephitic Cloud    |       |       |       |       |       |    16 ||    16
Invok: Evolution         |       |       |     2 |    19 |    39 |    16 ||    76
       Sunlight          |       |       |       |     5 |     3 |     3 ||    11
       Reproduction      |       |       |       |     5 |     5 |     1 ||    11
       Growth            |       |       |       |       |     1 |     4 ||     5
Evoke: Wand              |     2 |    15 |    20 |    28 |    27 |    17 ||   109
       Stone of tremors  |       |       |     1 |       |     2 |     1 ||     4
       Phial of floods   |       |       |       |       |     3 |     2 ||     5
       Rod               |       |       |       |       |       |    34 ||    34
       Sack of spiders   |       |       |       |       |       |     1 ||     1
  Use: Potion            |       |     1 |     1 |    12 |     7 |    10 ||    31
       Scroll            |       |       |    15 |    13 |    11 |    18 ||    57
 Stab: Sleeping          |     8 |     3 |    18 |     5 |     9 |    12 ||    55
       Paralysed         |       |       |     7 |    20 |       |       ||    27
       Distracted        |       |       |     1 |       |       |     1 ||     2
       Confused          |       |       |       |       |     6 |     4 ||    10
       Petrified         |       |       |       |       |       |     1 ||     1
  Eat: Chunk             |       |     2 |     7 |     5 |     8 |    20 ||    42
       Meat ration       |       |       |     2 |     5 |     3 |       ||    10
       Beef jerky        |       |       |     1 |     6 |       |     5 ||    12
       Bread ration      |       |       |       |     4 |     7 |     3 ||    14
       Royal jelly       |       |       |       |     1 |       |     5 ||     6
       Fruit             |       |       |       |     1 |       |       ||     1
